 Dungeon Crawl Stone Soup version 0.26-a0-682-g294304f6e8 (webtiles) character file.

Game seed: 8408415654156560783

97335 Kinoniko the Fencer (level 16, -17/141 HPs)
             Began as a Ghoul Monk on Oct 20, 2020.
             Was the Champion of Okawaru.
             Demolished by an ettin
             ... wielding a +0 dire flail
              (31 damage)
             ... on level 1 of the Depths.
             The game lasted 00:51:03 (28360 turns).

Kinoniko the Fencer (Ghoul Monk)                   Turns: 28360, Time: 00:51:04

Health: -17/141    AC: 28    Str: 18    XL:     16   Next: 19%
Magic:  23/23      EV:  5    Int:  9    God:    Okawaru [******]
Gold:   1976       SH:  7    Dex: 18    Spells: 15/15 levels left

rFire    . . .     SeeInvis .   R - +5 demon blade (vamp)
rCold    + + .     Faith    .   q - +2 buckler
rNeg     + + +     Spirit   .   h - +5 gold dragon scales
rPois    ∞         Reflect  .   a - +0 hat {MR+}
rElec    .         Harm     .   C - +2 cloak
rCorr    .         Rampage  .   s - +1 pair of gloves of Pawas {rPois rF- Dex+7 Slay+4}
MR       +++..                  r - +1 pair of boots
Stlth    ..........             (no amulet)
HPRegen  0.00/turn              P - +4 ring of slaying
MPRegen  0.18/turn              J - ring of protection from magic

@: no status effects
A: rotting body, claws 1, cold resistance 1, negative energy resistance 3,
inhibited regeneration, torment resistance, unbreathing
a: Heroism, Finesse, Renounce Religion


You were on level 1 of the Depths.
You worshipped Okawaru.
Okawaru was exalted by your worship.
You visited 4 branches of the dungeon, and saw 24 of its levels.
You also visited: Ossuary.

You collected 2337 gold pieces.
You spent 361 gold pieces at shops.

Inventory:

Hand Weapons
 O - the +6 demon blade of Evil {elec, rC- Str+4 Int-5 Dex+8}
   (Okawaru gifted it to you on level 12 of the Dungeon)

   Occasionally, upon striking a foe, it will discharge some electrical energy
   and cause terrible harm.
   It affects your strength (+4).
   It affects your intelligence (-5).
   It affects your dexterity (+8).
   It makes you vulnerable to cold.
 R - a +5 vampiric demon blade (weapon)
 U - a +2 vampiric triple sword
 Y - a +4 scimitar of flaming
Armour
 a - a +0 hat of magic resistance (worn)
 f - +0 shadow dragon scales
 g - a +0 buckler
 h - +5 gold dragon scales (worn)
 q - a +2 buckler (worn)
 r - a +1 pair of boots (worn)
 s - the +1 pair of gloves of Pawas (worn) {rPois rF- Dex+7 Slay+4}
   (You bought it in a shop on level 10 of the Dungeon)

   It affects your dexterity (+7).
   It affects your accuracy and damage with ranged weapons and melee attacks
   (+4).
   It makes you vulnerable to fire.
   It protects you from poison.
 C - a +2 cloak (worn)
Jewellery
 e - a +4 ring of evasion
 m - an uncursed amulet of guardian spirit
 o - an uncursed ring of resist corrosion
 t - an uncursed ring of see invisible
 x - an uncursed ring of wizardry
 J - a ring of protection from magic (right hand)
 P - a +4 ring of slaying (left hand)
 S - a +4 ring of evasion
Wands
 b - a wand of flame (4)
 v - a wand of disintegration (20)
 G - a wand of paralysis (19)
 H - a wand of iceblast (2)
 M - a wand of polymorph (5)
Scrolls
 d - 5 scrolls of amnesia
 j - 7 scrolls of teleportation
 p - 18 scrolls of remove curse
 w - 5 scrolls of fear
 K - 3 scrolls of magic mapping
 N - 2 scrolls of fog
Potions
 c - 7 potions of brilliance
 i - 9 potions of curing
 k - 8 potions of flight
 n - 2 potions of heal wounds
 u - 4 potions of might
 z - a potion of berserk rage
 A - 4 potions of resistance
 B - 6 potions of haste
 E - 3 potions of stabbing
 Q - a potion of lignification
 T - a potion of ambrosia
Miscellaneous
 l - a phantom mirror


   Skills:
 * Level 12.4 Fighting
 + Level 16.4 Long Blades
 + Level 7.2 Armour
 + Level 8.0 Dodging
 - Level 2.2 Stealth
 - Level 4.3 Shields
 - Level 11.4 Invocations
 + Level 9.3 Evocations


You had 15 spell levels left.
You didn't know any spells.
Your spell library contained the following spells:

 Spells                   Type           Power        Failure   Level
 Animate Skeleton         Necr           #.....       100%        1
 Pain                     Necr           #...         100%        1
 Shock                    Conj/Air       #...         100%        1
 Sting                    Tmut/Pois      #...         100%        1
 Poisonous Vapours        Pois/Air       #.....       100%        2
 Swiftness                Air            #.......     100%        2
 Ignite Poison            Fire/Tmut/Pois #.......     100%        3
 Mephitic Cloud           Conj/Pois/Air  #.......     100%        3
 Static Discharge         Conj/Air       #.......     100%        3
 Vampiric Draining        Necr           #.........   100%        3
 Airstrike                Air            #.........   100%        4
 Animate Dead             Necr           #.........   100%        4
 Olgreb's Toxic Radiance  Pois           #.......     100%        4
 Agony                    Necr           #.......     100%        5
 Lightning Bolt           Conj/Air       #.........   100%        5
 Haunt                    Necr/Summ      #.........   100%        7
 Infestation              Necr           #.........   100%        8
 Beastly Appendage        Tmut           Unusable     N/A         1
 Wereblood                Tmut           Unusable     N/A         2
 Spider Form              Tmut/Pois      Unusable     N/A         3
 Ice Form                 Ice/Tmut       Unusable     N/A         4
 Blade Hands              Tmut           Unusable     N/A         5
 Borgnjor's Revivificati  Necr           Unusable     N/A         8
 Necromutation            Tmut/Necr      Unusable     N/A         8
 Death's Door             Necr           Unusable     N/A         9

Dungeon Overview and Level Annotations

Branches:
Dungeon (15/15)            Temple (0/1) D:5            Lair (6/6) D:8
 Shoals (0/4) Lair:3       Spider (0/4) Lair:4        Slime (0/5) Lair:5
    Orc (2/2) D:9             Elf (0/3) Orc:2        Vaults (0/5) D:14
 Depths (1/5) D:15        Ossuary (visited)

Altars:
Ashenzari
Cheibriados
Dithmenos
Elyvilon
Gozag
Kikubaaqudgha
Makhleb
Okawaru
Qazlal
Ru
Uskayaw
Xom
Zin
The Shining One
Beogh
Jiyva

Shops:
D:4 :   D:7 *   D:10 *   D:15 (   Orc:2 (=([

Portals:
Hell: Depths:1

Annotations:
D:13 1 runed translucent door, Turbonekonecno's ghost, journeyman OpVM
Lair:3 3 runed translucent doors, Kinoniko's ghost, journeyman OgBe
Depths:1 1 runed translucent door, Bai Suzhen; Ijustatesigmund's ghost, veteran SpWr; Saint Roka; the Enchantress


Innate Abilities, Weirdness & Mutations

Your body is rotting away.
You thrive by killing the living.
You are immune to poison.
You have sharp fingernails.
Your flesh is cold resistant. (rC+)
You are immune to negative energy. (rN+++)
You do not regenerate when monsters are visible.
You are immune to unholy pain and torment.
You can survive without breathing.


Message History

You hear a mighty clap of thunder!
You slash the ettin!
The ettin is heavily wounded.
You hear a shout!
You hear a horrible gurgling sound!
The ettin hits you with a +0 dire flail.
* * * LOW HITPOINT WARNING * * *
The ettin hits you with a +0 dire flail!!
* * * LOW HITPOINT WARNING * * *
You hit the ettin.
The ettin is heavily wounded.
A spriggan defender comes into view. It is wielding a +5 rapier of speed.
The stone giant completely misses you.
You riposte.
You slash the stone giant!
You feel better.
The stone giant is almost dead.
Unknown command.
You hit the ettin.
You feel better.
The ettin is heavily wounded.
The ettin hits you but does no damage.
The ettin hits you with a +0 dire flail!!
You die...

...§§§§ ...8§§. ..T.§.i
.... .....§. .....
....... ....... #..#.T##
.....8. .. #.TCC# .......
..# #..@## .C...8..
...##...:### ........
.........#.##
.....8...8.≈.....#...# ##
≈..........≈.....#...##.#
≈≈.......≈.≈.....#......#
≈≈......≈≈.≈≈≈≈..........
≈≈..............≈≈.......
(..............≈≈≈≈≈.....


You could see a stone giant, a spriggan defender, an ettin, 2 deep troll earth
magi and a deep troll shaman.

Vanquished Creatures
  Rupert (D:15)
  A sphinx (Depths:1)
  A shadow dragon (Depths:1)
  A fire giant (Depths:1)
  An orc warlord (Orc:2)
  2 stone giants (Depths:1)
  A vampire knight (Depths:1)
  5 dire elephants (Lair:6)
  An ettin (Depths:1)
  2 fire dragons
  A merfolk impaler (Depths:1)
  Josephine (D:11)
  A yaktaur captain (D:15)
  Fannar (Orc:1)
  An ice dragon (Depths:1)
  5 hydras
  Harold (D:11)
  2 boulder beetles
  An anaconda (Lair:6)
  Erica (Orc:1)
  2 centaur warriors
  6 two-headed ogres
  A deep troll earth mage (Depths:1)
  2 tengu warriors (D:14)
  4 orc high priests (Orc:2)
  Sonja (D:11)
  Urug (D:14)
  A fire crab (shapeshifter) (D:15)
  A glowing orange brain (Depths:1)
  A wizard (D:14)
  A harpy (shapeshifter) (D:13)
  3 deep trolls (Depths:1)
  5 orc knights
  7 orc sorcerers
  2 manticores
  8 ugly things
  An orb spider (shapeshifter) (Depths:1)
  9 elephants
  4 black mambas
  Maurice (D:11)
  A cane toad (shapeshifter) (D:15)
  A gargoyle (D:10)
  18 cane toads
  A centaur skeleton (D:15)
  A rime drake (Lair:5)
  A kobold demonologist (D:11)
  11 komodo dragons
  2 yaktaurs (D:15)
  A jumping spider (Lair:4)
  5 trolls
  2 tengu conjurers (D:13)
  A hornet (D:11)
  6 meliai (D:14)
  Grinder (D:5)
  2 polar bears
  A slime creature (Lair:5)
  7 dream sheep
  7 blink frogs
  8 wraiths
  6 water elementals (Depths:1)
  A wyvern (Lair:3)
  25 yaks
  16 humans (D:14)
  A basilisk (Lair:5)
  8 wargs
  An acid dragon (D:12)
  Duvessa (D:5)
  14 water moccasins
  3 black bears
  6 sky beasts
  3 ice beasts
  An eye of draining (D:12)
  A necrophage (D:11)
  45 orc warriors
  2 phantoms
  16 ogres
  6 wolves (Lair:1)
  18 centaurs
  Blork the orc (D:5)
  6 big kobolds
  17 bullfrogs
  A wyvern zombie (D:13)
  Dowan (D:5)
  A water moccasin zombie (D:8)
  2 scorpions
  11 killer bees (D:11)
  7 wights (D:7)
  3 howler monkeys
  A bullfrog zombie (D:6)
  11 jellies
  A quasit (D:6)
  3 centaur zombies
  A bullfrog skeleton (D:13)
  7 hounds
  33 orc priests
  17 orc wizards
  3 iguanas
  11 worker ants
  A hound zombie (D:11)
  A hound skeleton (D:10)
  13 mummies (Ossuary)
  2 worker ant zombies
  13 adders
  A shadow imp (D:5)
  A white imp (D:8)
  2 ufetubi (D:10)
  An ooze (D:5)
  An adder skeleton (D:5)
  6 worms
  4 dart slugs
  3 leopard geckos
  119 orcs
  3 giant cockroaches
  9 goblins
  8 hobgoblins
  3 jackals (D:3)
  4 quokkas
  3 ball pythons
  4 bats
  6 frilled lizards
  2 gnoll skeletons (Ossuary)
  2 goblin skeletons (Ossuary)
  37 kobolds
  2 kobold skeletons (Ossuary)
  2 orc skeletons (Ossuary)
  6 rats
  11 rat skeletons (Ossuary)
751 creatures vanquished.

Vanquished Creatures (others)
  An unseen horror (shapeshifter) (Depths:1)
  39 fungi
  45 plants
85 creatures vanquished.

Grand Total: 836 creatures vanquished

Notes
Turn   | Place    | Note
-------+----------+-------------------------------------------
     0 | D:1      | Kinoniko the Ghoul Monk began the quest for the Orb.
     0 | D:1      | Reached XP level 1. HP: 19/19 MP: 0/0
   329 | D:1      | Reached XP level 2. HP: 18/27 MP: 1/1
  1202 | D:1      | Reached skill level 3 in Long Blades
  1202 | D:1      | Reached XP level 3. HP: 33/33 MP: 2/2
  1452 | D:2      | Reached skill level 1 in Shields
  1474 | D:2      | Reached XP level 4. HP: 37/40 MP: 3/3
  1530 | D:2      | Found a shimmering altar of Xom.
  1546 | D:2      | Found a hide-covered altar of Uskayaw.
  1548 | D:2      | Found a burning altar of Makhleb.
  2498 | D:3      | Reached skill level 4 in Long Blades
  2533 | D:3      | Reached XP level 5. HP: 42/46 MP: 4/4
  2681 | D:3      | Found an iron altar of Okawaru.
  2689 | D:3      | Became a worshipper of Warmaster Okawaru
  2689 | D:3      | Reached * piety under Okawaru
  2689 | D:3      | Reached ** piety under Okawaru
  3207 | D:4      | Found an opulent altar of Gozag.
  3290 | D:4      | Reached XP level 6. HP: 39/52 MP: 5/5
  3399 | D:4      | Found a sand-covered staircase.
  3403 | Ossuary  | Entered an ossuary
  3624 | Ossuary  | Reached skill level 5 in Long Blades
  5071 | D:4      | Reached XP level 7. HP: 36/58 MP: 6/6
  5246 | D:4      | Found a snail-covered altar of Cheibriados.
  5387 | D:4      | Reached skill level 6 in Long Blades
  5580 | D:4      | Found Raedeexa's Book Shop.
  5727 | D:5      | Entered Level 5 of the Dungeon
  5737 | D:4      | Reached skill level 1 in Invocations
  6053 | D:5      | Found a staircase to the Ecumenical Temple.
  6086 | D:5      | Noticed Dowan
  6086 | D:5      | Noticed Duvessa
  6113 | D:5      | Killed Duvessa
  6113 | D:5      | Reached XP level 8. HP: 48/66 MP: 5/8
  6115 | D:5      | Reached *** piety under Okawaru
  6119 | D:5      | Killed Dowan
  6125 | D:5      | Reached skill level 7 in Long Blades
  6276 | D:5      | Found a sacrificial altar of Ru.
  6295 | D:5      | Noticed Blork the orc
  6322 | D:5      | Killed Blork the orc
  6601 | D:5      | Noticed Grinder
  6610 | D:5      | Paralysed by Grinder for 3 turns
  6620 | D:5      | Killed Grinder
  7113 | D:5      | Reached skill level 8 in Long Blades
  7267 | D:6      | Reached **** piety under Okawaru
  7268 | D:6      | Reached XP level 9. HP: 71/71 MP: 11/11
  7637 | D:6      | Reached skill level 5 in Invocations
  7924 | D:7      | Reached skill level 9 in Long Blades
  8031 | D:7      | Found Udes's General Store.
  8358 | D:7      | Found an ancient bone altar of Kikubaaqudgha.
  8800 | D:8      | Noticed a komodo dragon
  8821 | D:8      | Killed a komodo dragon
  8837 | D:8      | Reached skill level 10 in Long Blades
  8851 | D:8      | Found a staircase to the Lair.
  8860 | D:8      | Reached XP level 10. HP: 60/78 MP: 14/14
  8887 | D:8      | Reached ***** piety under Okawaru
  9148 | D:8      | Got a heavily runed scale mail
  9159 | D:8      | Identified the +2 scale mail "Hero's Friend" {rC+ rN+ rCorr
                  | Dex+3} (You found it on level 8 of the Dungeon)
  9287 | D:8      | Found a white marble altar of Elyvilon.
  9469 | D:8      | Found a shadowy altar of Dithmenos.
  9592 | D:8      | Found a stormy altar of Qazlal.
  9998 | D:9      | Found a glowing golden altar of the Shining One.
 10009 | D:9      | Found a glowing silver altar of Zin.
 10138 | D:9      | Found a staircase to the Orcish Mines.
 10450 | D:10     | Entered Level 10 of the Dungeon
 10453 | D:10     | Reached skill level 11 in Long Blades
 10462 | D:10     | Noticed a two-headed ogre
 10470 | D:10     | Killed a two-headed ogre
 10827 | D:10     | Noticed a gargoyle
 10843 | D:10     | Killed a gargoyle
 10843 | D:10     | Received a gift from Okawaru
 11097 | D:10     | Found Sietolex's Assorted Antiques.
 11101 | D:10     | Bought a pair of steaming gloves for 361 gold pieces
 11106 | D:10     | Identified the +1 pair of gloves of Pawas {rPois rF- Dex+7
                  | Slay+4} (You bought it in a shop on level 10 of the
                  | Dungeon)
 11191 | D:10     | Noticed a cyan ugly thing
 11205 | D:10     | Killed a cyan ugly thing
 11422 | D:11     | Noticed a manticore
 11437 | D:11     | Reached skill level 12 in Long Blades
 11437 | D:11     | Reached XP level 11. HP: 83/83 MP: 16/16
 11446 | D:11     | Killed a manticore
 11635 | Lair:1   | Entered Level 1 of the Lair of Beasts
 12072 | Lair:1   | Noticed a seven-headed hydra
 12086 | Lair:1   | Killed a ten-headed hydra
 12502 | Lair:1   | Got a masterwork long sword
 12503 | Lair:1   | Identified the cursed +0 long sword "Ycetuhiveo" {vorpal,
                  | Str+2} (You found it on level 1 of the Lair of Beasts)
 12553 | Lair:1   | Reached skill level 10 in Invocations
 12623 | Lair:1   | Reached skill level 13 in Long Blades
 12799 | Lair:1   | Noticed a seven-headed hydra
 12818 | Lair:1   | Killed a 19-headed hydra
 13775 | Lair:2   | Reached XP level 12. HP: 71/91 MP: 17/19
 14011 | Lair:2   | Noticed a six-headed hydra
 14038 | Lair:2   | Killed a 19-headed hydra
 14038 | Lair:2   | Received a gift from Okawaru
 14545 | Lair:3   | Found a staircase to the Shoals.
 14556 | Lair:3   | Reached skill level 14 in Long Blades
 14749 | Lair:3   | Found a runed translucent gate.
 14749 | Lair:3   | Found a runed translucent gate.
 14749 | Lair:3   | Found a runed translucent gate.
 14754 | Lair:3   | Noticed a death ooze
 14754 | Lair:3   | Noticed Kinoniko's ghost (journeyman OgBe)
 14758 | Lair:3   | Found a viscous altar of Jiyva.
 15217 | Lair:4   | Noticed a five-headed hydra
 15226 | Lair:3   | Reached skill level 1 in Evocations
 15611 | Lair:4   | Found a hole to the Spider Nest.
 15787 | Lair:4   | Killed a nine-headed hydra
 15843 | Lair:4   | Reached skill level 15 in Long Blades
 15861 | Lair:4   | Received a gift from Okawaru
 15870 | Lair:4   | Reached XP level 13. HP: 96/96 MP: 14/20
 16406 | Lair:5   | Found a sacrificial altar of Ru.
 16529 | Lair:5   | Found a staircase to the Slime Pits.
 16596 | Lair:5   | Reached skill level 5 in Evocations
 17209 | Lair:6   | Entered Level 6 of the Lair of Beasts
 17232 | Lair:6   | Got a glimmering long sword
 17271 | Lair:6   | Identified the +1 long sword of Analysis {venom, Fragile
                  | rF++ Str+3} (You found it on level 6 of the Lair of Beasts)
 17644 | Lair:6   | Reached skill level 1 in Armour
 18166 | Lair:6   | Noticed a dire elephant
 18183 | Lair:6   | Killed a dire elephant
 18365 | Lair:6   | Noticed a dire elephant
 18365 | Lair:6   | Noticed a dire elephant
 18385 | Lair:6   | Killed a dire elephant
 18385 | Lair:6   | Received a gift from Okawaru
 18404 | Lair:6   | Killed a dire elephant
 18404 | Lair:6   | Reached skill level 5 in Fighting
 18703 | Lair:6   | Noticed a dire elephant
 18721 | Lair:6   | Killed a dire elephant
 18818 | Lair:6   | Noticed a dire elephant
 18838 | Lair:6   | Killed a dire elephant
 18838 | Lair:6   | Reached ****** piety under Okawaru
 19280 | D:11     | Received a gift from Okawaru
 19283 | D:11     | Got an ancient double sword {god gift}
 19284 | D:11     | Identified the +0 double sword "Basazxurgh" {vamp, rElec
                  | rF+ Int+4 Dex-3} (Okawaru gifted it to you on level 11 of
                  | the Dungeon)
 19322 | D:11     | Noticed Maurice
 19331 | D:11     | Killed Maurice
 19362 | D:11     | Reached skill level 16 in Long Blades
 19395 | D:11     | Noticed Harold
 19406 | D:11     | Killed Harold
 19406 | D:11     | Reached XP level 14. HP: 111/111 MP: 19/21
 19685 | D:11     | Noticed Sonja
 19735 | D:11     | Killed Sonja
 19821 | D:11     | Found a shimmering altar of Xom.
 19962 | D:11     | Noticed Josephine
 19973 | D:11     | Killed Josephine
 20556 | D:12     | Received a gift from Okawaru
 20559 | D:12     | Got a brightly glowing demon blade {god gift}
 20560 | D:12     | Identified the +6 demon blade of Evil {elec, rC- Str+4
                  | Int-5 Dex+8} (Okawaru gifted it to you on level 12 of the
                  | Dungeon)
 20570 | D:12     | Reached skill level 5 in Dodging
 21851 | D:13     | Found a runed translucent door.
 21852 | D:13     | Noticed Turbonekonecno's ghost (journeyman OpVM)
 22097 | D:14     | Received a gift from Okawaru
 22547 | D:14     | Noticed Urug
 22588 | D:14     | Reached skill level 5 in Armour
 22654 | D:14     | Found a gate to the Vaults.
 22664 | D:14     | Killed Urug
 22871 | D:15     | Entered Level 15 of the Dungeon
 22871 | D:15     | Found a broken altar of Ashenzari.
 22875 | D:15     | Found Qonwy's Antique Weapon Shoppe.
 23244 | D:15     | Noticed Rupert
 23260 | D:15     | Killed Rupert
 23260 | D:15     | Reached skill level 10 in Fighting
 23260 | D:15     | Reached XP level 15. HP: 116/126 MP: 22/22
 23369 | D:15     | Found a staircase to the Depths.
 23390 | D:15     | Received a gift from Okawaru
 23990 | Orc:1    | Entered Level 1 of the Orcish Mines
 24006 | Orc:1    | Noticed Fannar
 24017 | Orc:1    | Killed Fannar
 24444 | Orc:1    | Noticed Erica
 24450 | Orc:1    | Killed Erica
 24542 | Orc:2    | Entered Level 2 of the Orcish Mines
 24900 | Orc:2    | Noticed an orc warlord
 24923 | Orc:2    | Killed an orc warlord
 24957 | Orc:2    | Found a roughly hewn altar of Beogh.
 25035 | Orc:2    | Found Xotet's Weapon Emporium.
 25129 | Orc:2    | Found Laytor's Jewellery Shoppe.
 25145 | Orc:2    | Received a gift from Okawaru
 25410 | Orc:2    | Found a roughly hewn altar of Beogh.
 25625 | Orc:2    | Found Murev's Armour Boutique.
 25672 | Orc:2    | Found Hoyfieph's Antique Weapon Shop.
 26304 | Orc:2    | Found a staircase to the Elven Halls.
 26633 | Depths:1 | Entered Level 1 of the Depths
 26824 | Depths:1 | Noticed a shadow dragon
 26845 | Depths:1 | Killed a shadow dragon
 26938 | Depths:1 | Noticed a fire giant
 26956 | Depths:1 | Killed a fire giant
 26979 | Depths:1 | Reached XP level 16. HP: 73/139 MP: 23/23
 27677 | Depths:1 | Found a gateway to Hell.
 27701 | Depths:1 | Found a runed translucent door.
 27701 | Depths:1 | Noticed Ijustatesigmund's ghost (veteran SpWr)
 27701 | Depths:1 | Noticed a golden dragon
 27899 | Depths:1 | Noticed a tengu reaver
 27899 | Depths:1 | Noticed Saint Roka
 27900 | Depths:1 | Noticed Bai Suzhen
 27920 | Depths:1 | Noticed the Enchantress
 28340 | Depths:1 | Noticed a sphinx
 28347 | Depths:1 | Killed a sphinx
 28360 | Depths:1 | Demolished by an ettin

Illustrated notes

Levels and vault maps discovered:
D:1:      saegor_arrival_simple_d, layout_basic
D:2:      layout_loops_ring, xom_teletrap_fun, nicolae_overflow_hidden_temple
D:3:      layout_rooms, okawaru_ov_weapons_minmay
D:4:      layout_basic, grunt_gozag_breadcrumbs, lemuel_coloured_pillars_altar,
          serial_shops, shop, enter_ossuary_5, hex_tiny, minmay_pentangle
D:5:      layout_rooms, lemuel_doored_altar, minmay_temple_entry_arrows,
          uniq_grinder, uniq_duvessa, uniq_blork_the_orc
D:6:      layout_basic, kennysheep_mini
D:7:      layout_cave_pods, kennysheep_mini_moat, serial_shops,
          nicolae_shop_trees, dk_noncrumbling_4
D:8:      layout_loops_ring, grunt_dithmenos_smoke_and_mirrors,
          nicolae_qazlal_style_of_elements, lemuel_crystal_altar,
          due_lair_maze_entry_diamond
D:9:      layout_irregular_city, tso_metal_star, lemuel_crystal_altar,
          orc_0_dummy
D:10:     layout_basic, serial_shops, shop
D:11:     layout_long_grid, basic_altar, uniq_harold, uniq_sonja,
          uniq_josephine, uniq_maurice
D:12:     layout_irregular_city
D:13:     layout_cave_pools, ebering_ghost_inner_flame
D:14:     layout_loops_cross, david_vaults_3
D:15:     grunt_enter_depths_snipers, layout_stronghold, serial_shops,
          nicolae_shop_stone, ashenzari_altar_1, uniq_rupert
Lair:1:   layout_long_grid, minivault_11
Lair:2:   layout_cave_pods, beast_lair_carwin_5, lemuel_fruit_tree
Lair:3:   layout_long_grid, minmay_shoals_entry_centaurs, gammafunk_ghost_ooze,
          ldierk_geyser
Lair:4:   layout_cave_shapes, spider_nest_entry_rubble
Lair:5:   layout_loops_ring, minmay_slime_entry_pillars, basic_altar
Lair:6:   due_jungle_book, layout_misc_corridors
Orc:1:    layout_diamond_mine, uniq_erica, uniq_fannar, uniq_urug
Orc:2:    pubby_orc_utopia
Depths:1: layout_cave_pools, ebering_ghost_inner_flame,
          pf_vacation_house_of_asmodeus, serial_column_ruins,
          column_ruins_portal_squares, column_ruins_square_small,
          column_ruins_corridor_straight, column_ruins_open_small,
          column_ruins_open_small_water, column_ruins_corridor_corner,
          column_ruins_open_small_water, column_ruins_open_small,
          kennysheep_donut, abyss_entry, minmay_crystal_water,
          small_chamber_with_monster, eino_small_chamber_without_monster,
          water_boxes_lemuel, serial_bayou_shore_b, uniq_bai_suzhen,
          uniq_enchantress, uniq_saint_roka

Skill      XL: |  1  2  3  4  5  6  7  8  9 10 11 12 13 14 15 16 |
---------------+-------------------------------------------------+-----
Long Blades    | 3 4 5 6 8 10 12 13 15 16 | 16.4
Shields        | 1 2 3 4 |  4.3
Invocations    | 2 4 7 9 10 11 | 11.4
Evocations     | 4 6 7 9 |  9.3
Dodging        | 4 6 7 8 |  8.0
Armour         | 3 5 7 |  7.2
Fighting       | 6 10 12 | 12.4
Stealth        | |  2.2

Action                   |  1- 3 |  4- 6 |  7- 9 | 10-12 | 13-15 | 16-18 || total
-------------------------+-------+-------+-------+-------+-------+-------++-------
Melee: Falchion          |   112 |   420 |   165 |       |       |       ||   697
       Long sword        |       |       |   203 |   476 |   312 |       ||   991
       Double sword      |       |       |       |       |   259 |       ||   259
       Demon blade       |       |       |       |       |  1044 |   112 ||  1156
Invok: Heroism           |       |       |    10 |    10 |    11 |     1 ||    32
       Finesse           |       |       |       |     3 |     1 |     1 ||     5
Evoke: Wand              |       |       |       |    21 |     1 |       ||    22
  Use: Scroll            |     2 |    13 |     6 |    12 |    12 |     5 ||    50
       Potion            |       |     1 |     6 |     3 |     2 |     4 ||    16
 Stab: Sleeping          |       |     1 |     5 |       |       |       ||     6
       Invisible         |       |       |     3 |       |       |       ||     3
       Distracted        |       |       |       |     1 |       |       ||     1
Armor: Robe              |     4 |       |       |       |       |       ||     4
       Ring mail         |    25 |    84 |    92 |    15 |       |       ||   216
       Scale mail        |       |       |       |   194 |    36 |       ||   230
       Gold dragon scale |       |       |       |       |  1022 |    64 ||  1086
       Shadow dragon sca |       |       |       |       |    14 |     4 ||    18
Dodge: Dodged            |    72 |   208 |   274 |   382 |   454 |    32 ||  1422
Block: Buckler           |     7 |    63 |    96 |   146 |   398 |    37 ||   747
       Rpst.: Falchion   |    20 |    62 |    31 |       |       |       ||   113
       Long sword        |       |       |    47 |    83 |    33 |       ||   163
       Double sword      |       |       |       |       |    18 |       ||    18
       Demon blade       |       |       |       |       |    61 |     6 ||    67

Table legend: (Time is in decaauts)
 A = Elapsed time spent in this place.
 B = Non-inter-level travel time spent in this place.
 C = Inter-level travel time spent in this place.
 D = Time resting spent in this place.
 E = Time spent auto-exploring this place.
 F = Levels seen in this place.
 G = Mean time per level.
                   A        B        C        D        E       F      G
               +--------+--------+--------+--------+--------+-----+--------+
         Total |  27659 |  26376 |   1283 |   8211 |  12729 |  25 | 1106.4 |
       Dungeon |  14784 |  13906 |    878 |   3692 |   7559 |  15 |  985.6 |
          Lair |   7347 |   7054 |    293 |   2406 |   3569 |   6 | 1224.5 |
  Orcish Mines |   2279 |   2169 |    110 |    126 |   1387 |   2 | 1139.5 |
        Depths |   1649 |   1649 |      0 |    893 |    161 |   1 | 1649.0 |
       Ossuary |   1598 |   1598 |      0 |   1094 |     52 |   1 | 1598.0 |
               +--------+--------+--------+--------+--------+-----+--------+

Top non-repeatable levels by time:
  Lair:6: 1814 daAuts
   Orc:2: 1769 daAuts
Depths:1: 1649 daAuts
 Ossuary: 1598 daAuts
  Lair:1: 1526 daAuts
     D:5: 1430 daAuts
     D:1: 1359 daAuts
  Lair:2: 1350 daAuts
    D:11: 1256 daAuts
    D:10: 1184 daAuts
     D:4: 1149 daAuts
    D:12: 1054 daAuts
     D:8: 1053 daAuts
    D:15: 1050 daAuts
     D:7: 1016 daAuts
